 Dungeon Sprint DCSS version 0.21.1-1-g345015f (webtiles) character file.

57 equalderp2856 the Covered (level 3, -6/37 HPs)
             Began as a Minotaur Fighter on May 4, 2018.
             Splashed by an oklob sapling priest's acid (9 damage)
             ... in the Dungeon (Sprint IV: "Fedhas' Mad Dash").
             The game lasted 00:00:48 (485 turns).

equalderp2856 the Covered (Minotaur Fighter)         Turns: 485, Time: 00:00:50

Health: -6/37      AC:  3    Str: 20    XL:     3   Next: 73%
Magic:  0/2        EV:  7    Int:  5    God:
Gold:   55         SH: 10    Dex: 10    Spells: 2/2 levels left

rFire    . . .     SeeInvis .   a - +0 rapier
rCold    . . .     Gourm    .   c - +0 shield
rNeg     . . .     Faith    .   b - +0 scale mail
rPois    .         Spirit   .   (helmet restricted)
rElec    .         Reflect  .   (no cloak)
rCorr    .         Harm     .   (no gloves)
MR       .....     NoTele   +   (no boots)
Stlth    ..........             m - amulet of invisibility {+Inv}
HPRegen  0.12/turn              (no ring)
MPRegen  0.08/turn              (no ring)

@: corroded, very slightly contaminated, invisible (expiring)
A: retaliatory headbutt, horns 2
a: no special abilities


You were in the Dungeon.
You were not hungry.

You visited 1 branch You collected 55 gold pieces.

Inventory:

Hand Weapons
 a - a +0 rapier (weapon)
Armour
 b - a +0 scale mail (worn)
 c - a +0 shield (worn)
Jewellery
 m - the amulet of invisibility (around neck) {+Inv}
   (You found it in the Dungeon)

   [amulet of nothing]

   It lets you turn invisible.
Scrolls
 k - a scroll of blinking
Potions
 d - a potion of might
 e - a potion of curing
 g - 2 potions of heal wounds
 h - a potion of haste
 i - 2 potions of magic
 j - a potion of berserk rage
 l - a potion of brilliance {unknown}
Comestibles
 f - a ration


   Skills:
 + Level 6.0 Fighting
 + Level 3.5 Short Blades
 + Level 6.0 Armour
 + Level 5.9 Shields


You had 2 spell levels left.
You didn't know any spells.

Dungeon Overview and Level Annotations

Branches:
Dungeon (1/1)

Altars:
Cheibriados
Dithmenos
Elyvilon
Gozag
Hepliaklqana
Kikubaaqudgha
Makhleb
Nemelex Xobeh
Okawaru
Qazlal
Ru
Sif Muna
Trog
Uskayaw
Vehumet
Wu Jian
Xom
Yredelemnul
Zin
The Shining One
Beogh
Jiyva
Lugonu

Annotations:
D exclusion: oklob sapling


Innate Abilities, Weirdness & Mutations

You reflexively headbutt those who attack you in melee.
You have a pair of horns on your head.


Message History

There is an open door here.
Found three altars.
Found two altars.
Found three altars.
Found a radiant altar of Vehumet and a corrupted altar of Lugonu.
There is a burning altar of Makhleb here.
The oklob sapling priest spits acid at you.
The splash of acid hits you! The acid corrodes you!
You are splashed with acid!
The acid burns!
There is a sparkling altar of Nemelex Xobeh here.
Unknown command.
Press < or > to pray at altars.
You puncture the oklob sapling priest!
The oklob sapling priest is moderately damaged.
You flicker for a moment.
The oklob sapling priest spits acid at you.
The splash of acid hits you!
* * * LOW HITPOINT WARNING * * *
You are splashed with acid!
The acid burns!
You die...

########################
....#.....#.⌠._._._._.⌠.
....'.#...'.._._._._._..
....#.#...#..._.@P_._...
########+##.._._._._._..
#._._._._._.⌠.
##############


You could see an oklob sapling priest.

Vanquished Creatures
  An oklob sapling (D)
  A worker ant (D)
  A river rat (D)
  A rat (D)
4 creatures vanquished.

Notes
Turn   | Place    | Note
-------+----------+-------------------------------------------
     0 | D        | equalderp2856 the Minotaur Fighter began the quest for the Orb.
     0 | D        | Reached XP level 1. HP: 19/19 MP: 0/0
     7 | D        | Reached XP level 2. HP: 27/28 MP: 1/1
    17 | D        | Noticed an oklob sapling
   168 | D        | Killed an oklob sapling
   168 | D        | Reached skill level 5 in Fighting
   168 | D        | Reached skill level 5 in Armour
   168 | D        | Reached skill level 5 in Shields
   168 | D        | Reached XP level 3. HP: 12/36 MP: 2/2
   368 | D        | Found the amulet of invisibility {+Inv}
   477 | D        | Found an opulent altar of Gozag.
   477 | D        | Found a hazy altar of Hepliaklqana.
   477 | D        | Found a burning altar of Makhleb.
   477 | D        | Found a roughly hewn altar of Beogh.
   477 | D        | Found a sparkling altar of Nemelex Xobeh.
   477 | D        | Found a snail-covered altar of Cheibriados.
   477 | D        | Found a sacrificial altar of Ru.
   477 | D        | Found a deep blue altar of Sif Muna.
   477 | D        | Found a shimmering altar of Xom.
   477 | D        | Found a basalt altar of Yredelemnul.
   478 | D        | Found a viscous altar of Jiyva.
   478 | D        | Found a bloodstained altar of Trog.
   478 | D        | Found an ornate altar of the Wu Jian Council.
   478 | D        | Noticed an oklob sapling priest
   479 | D        | Found an iron altar of Okawaru.
   479 | D        | Found a glowing silver altar of Zin.
   479 | D        | Found a shadowy altar of Dithmenos.
   480 | D        | Found a hide-covered altar of Uskayaw.
   480 | D        | Found an ancient bone altar of Kikubaaqudgha.
   481 | D        | Found a stormy altar of Qazlal.
   481 | D        | Found a glowing golden altar of the Shining One.
   481 | D        | Found a white marble altar of Elyvilon.
   482 | D        | Found a radiant altar of Vehumet.
   482 | D        | Found a corrupted altar of Lugonu.
   485 | D        | Splashed by an oklob sapling priest's acid

Skill      XL: |  1  2  3 |
---------------+----------+-----
Fighting       | 4 5 6 |  6.0
Armour         | 4 5 6 |  6.0
Shields        | 4 5 |  5.9
Short Blades   | 3 |  3.5

Action                   || total
-------------------------++-------
Melee: Rapier            ||    16
       Headbutt          ||     3
 Abil: Evoke Invisibilit ||     1
Armor: Scale mail        ||     4
Dodge: Dodged            ||     2
Block: Shield            ||     2
